 Dungeon Crawl Stone Soup version 0.29-a0-810-g3812dd5c9c (webtiles) character file.

Game seed: 5987418341548784659

8959 Ajdolov the Carver (level 11, -6/90 HPs)
             Began as a Merfolk Ice Elementalist on July 4, 2022.
             Was a Believer of the Shining One.
             Mangled by an 11-headed hydra (12 damage)
             ... on level 1 of the Lair of Beasts.
             The game lasted 00:37:10 (14636 turns).

Ajdolov the Carver (Merfolk Ice Elementalist)      Turns: 14636, Time: 00:37:12

Health: -6/90      AC: 16    Str:  9    XL:     11   Next: 39%
Magic:  15/23      EV: 15    Int: 17    God:    the Shining One [**....]
Gold:   475        SH:  0    Dex: 19    Spells: 19/26 levels left

rFire   . . .      SeeInvis .   C - +0 scimitar (freeze)
rCold   . . .      Faith    .   (no shield)
rNeg    + . .      Spirit   .   t - +0 troll leather armour
rPois   .          Reflect  .   L - +2 hat
rElec   .          Harm     .   m - +1 cloak
rCorr   .          Rampage  .   D - +2 pair of gloves {Dex+3}
Will    +....                   (no boots)
Stlth   +.........              (no amulet)
HPRegen 1.05/turn               B - +4 ring of slaying
MPRegen 0.18/turn               h - ring of willpower

@: ice-armoured, freezing walls, glowing
A: (nimble swimmer 2), mertail
a: Renounce Religion, Divine Shield


You were on level 1 of the Lair of Beasts.
You worshipped the Shining One.
The Shining One was pleased with you.
You visited 3 branches of the dungeon, and saw 13 of its levels.

You collected 808 gold pieces.
You spent 333 gold pieces at shops.

Inventory:

Hand Weapons
 C - a +0 scimitar of freezing (weapon)
Missiles
 f - 8 curare-tipped darts
Armour
 m - a +1 cloak (worn)
 t - a +0 troll leather armour (worn)
 D - a +2 pair of gloves of dexterity (worn)
 L - a +2 hat (worn)
Jewellery
 h - a ring of willpower (right hand)
 u - a ring of ice
 v - a ring of ice
 B - a +4 ring of slaying (left hand)
 F - a ring of fire
 G - a ring of resist corrosion
Wands
 y - a wand of paralysis (14)
 I - a wand of mindburst (6)
 J - a wand of flame (25)
Scrolls
 b - 4 scrolls of fog
 d - a scroll of identify
 e - 3 scrolls of enchant weapon
 g - 3 scrolls of immolation
 k - 4 scrolls of noise
 l - 3 scrolls of poison
 q - 2 scrolls of amnesia
 w - 3 scrolls of silence
 A - 5 scrolls of vulnerability
 K - 2 scrolls of magic mapping
Potions
 a - 2 potions of might {unknown}
 i - 3 potions of attraction {unknown}
 o - 2 potions of heal wounds {unknown}
 p - 3 potions of brilliance
 s - a potion of berserk rage {unknown}
 x - 3 potions of mutation {unknown}
 z - a potion of ambrosia {unknown}
 E - a potion of resistance {unknown}
 H - a potion of lignification {unknown}


   Skills:
 - Level 10.1 Fighting
 * Level 12.4 Long Blades
 + Level 5.8 Dodging
 - Level 2.1 Stealth
 - Level 8.0 Spellcasting
 - Level 7.0 Ice Magic


You had 19 spell levels left.
You knew the following spells:

 Your Spells              Type           Power      Damage    Failure   Level
a - Freeze                Ice            100%       1d11      1%          1
b - Frozen Ramparts       Ice            60%        1d8       2%          3
c - Ozocubu's Armour      Ice            30%        N/A       2%          3

Your spell library contained the following spells:

 Spells                   Type           Power      Damage    Failure   Level
 Magic Dart               Conj           24%        1d4       14%         1
 Searing Ray              Conj           12%        2d4       22%         2
 Hailstorm                Conj/Ice       18%        3d6       34%         4
 Gell's Gravitas          Tloc           6%         N/A       41%         3
 Lesser Beckoning         Tloc           6%         N/A       41%         3
 Portal Projectile        Hex/Tloc       12%        N/A       41%         3
 Teleport Other           Tloc           6%         N/A       41%         3
 Anguish                  Hex/Necr       3%         N/A       82%         4
 Fulminant Prism          Conj/Hex       3%         3d6       82%         4
 Summon Lightning Spire   Summ/Air       6%         N/A       82%         4
 Enfeeble                 Hex            3%         N/A       100%        7
 Storm Form               Tmut/Air       3%         N/A       100%        7
 Maxwell's Capacitive Co  Air            3%         ∞         100%        8


Dungeon Overview and Level Annotations

Branches:
Dungeon (11/15)            Temple (1/1) D:5            Lair (1/6) D:8
    Orc (0/2) D:10

Altars:
Ashenzari
Cheibriados
Dithmenos
Elyvilon
Fedhas
Gozag
Hepliaklqana
Kikubaaqudgha
Makhleb
Nemelex Xobeh
Okawaru
Qazlal
Ru
Sif Muna
Trog
Uskayaw
Vehumet
Wu Jian
Xom
Yredelemnul
Zin
The Shining One

Shops:
D:6 *   D:8 (   D:10 [

Annotations:
D:11 Josephine
Lair:1 3 runed translucent doors, Ateoteh's ghost, journeyman OgCK; Cung's ghost, novice GrBe


Innate Abilities, Weirdness & Mutations

((You are very nimble when in or above water. (Stealth+, EV+, Speed+++)))
Your lower body shifts to a powerful aquatic tail in water.


Message History

You freeze the nine-headed hydra.
The nine-headed hydra is almost dead.
Unknown command.
You hack one of the nine-headed hydra's heads off!
The eight-headed hydra grows two more!
You slash the ten-headed hydra! You freeze the ten-headed hydra.
The ten-headed hydra is almost dead.
The wall freezes the ten-headed hydra!
The ten-headed hydra bites you but does no damage.
The ten-headed hydra closely misses you.
The ten-headed hydra bites you but does no damage.
The ten-headed hydra bites you! x2; The ten-headed hydra bites you.
The ten-headed hydra bites you but does no damage.
The ten-headed hydra bites you.
* * * LOW HITPOINT WARNING * * *
The ten-headed hydra closely misses you.
The ten-headed hydra bites you.
* * * LOW HITPOINT WARNING * * *
You hack one of the ten-headed hydra's heads off!
The nine-headed hydra grows two more!
You slash the 11-headed hydra!
The 11-headed hydra seems to slow down.
You freeze the 11-headed hydra.
The 11-headed hydra is almost dead.
The frozen ramparts melt away.
Unknown command.
Casting: Ozocubu's Armour (mildly dangerous; 2% risk of failure)
Confirm with . or Enter, or press ? or * to list all spells.
Casting: Frozen Ramparts (mildly dangerous; 2% risk of failure)
Press: ? - help, Dir - look around, f - activate This square is lit by a halo.
The walls around you are covered in ice.
The wall freezes the 11-headed hydra.
The 11-headed hydra seems to slow down.
The 11-headed hydra completely misses you.
The 11-headed hydra bites you.
* * * LOW HITPOINT WARNING * * *
The 11-headed hydra bites you.
* * * LOW HITPOINT WARNING * * *
The 11-headed hydra bites you!
* * * LOW HITPOINT WARNING * * *
The 11-headed hydra bites you!
You die...

##. ##......# ..
#.##.##.# ..
#####.#†#+####
#............. ###
#............. ....
#####P............ .....
#....'...........#
......#..###............
......D@## #...........#
......### #...........#
..... ############# ....
###


You could see a 11-headed hydra (slow).

Vanquished Creatures
  Pikel (D:4)
  A black mamba (Lair:1)
  A cane toad (Lair:1)
  A gargoyle (D:11)
  An unseen horror (D:10)
  A troll (D:11)
  Prince Ribbit (D:7)
  A spriggan (D:9)
  2 wraiths (D:10)
  A wyvern (D:9)
  3 yaks (D:10)
  A shadow (D:10)
  3 vampire mosquitoes (D:11)
  3 steam dragons
  A two-headed ogre zombie (D:10)
  2 water moccasins (Lair:1)
  2 orc warriors
  A sky beast (D:8)
  2 ice beasts
  6 wolves (Lair:1)
  4 ogres
  5 centaurs
  3 phantoms
  A lemure (D:4)
  3 kobold brigands
  3 bullfrogs
  5 scorpions
  A gnoll sergeant (D:6)
  2 wights (D:8)
  4 troll zombies (D:10)
  9 killer bees
  4 howler monkeys
  2 electric eels (D:6)
  2 jellies
  2 hounds
  A gnoll bouda (D:8)
  5 orc priests
  7 iguanas
  7 orc wizards
  3 ogre zombies (D:10)
  Robin (D:2)
  5 adders
  9 gnolls
  3 shadow imps (D:6)
  4 white imps
  9 ufetubi
  2 worms
  2 dart slugs
  28 orcs
  10 ball pythons
  5 endoplasms
  2 giant cockroaches
  14 goblins
  9 hobgoblins
  3 jackals (D:1)
  3 quokkas
  9 bats
  4 frilled lizards
  A hobgoblin skeleton (D:10)
  A hobgoblin zombie (D:10)
  14 kobolds
  6 orc skeletons (D:10)
  17 orc zombies (D:10)
  5 rats
274 creatures vanquished.

Vanquished Creatures (others)
  An orc (D:7)
  10 demonic plants (D:6)
  8 fungi (D:6)
19 creatures vanquished.

Grand Total: 293 creatures vanquished

Notes
Turn   | Place    | Note
-------+----------+-------------------------------------------
     0 | D:1      | Ajdolov the Merfolk Ice Elementalist began the quest for
                  | the Orb.
     0 | D:1      | Reached XP level 1. HP: 13/13 MP: 3/3
   281 | D:1      | Reached XP level 2. HP: 16/19 MP: 3/5
   351 | D:1      | Reached skill level 5 in Ice Magic
  1015 | D:1      | Reached XP level 3. HP: 22/24 MP: 3/6
  1051 | D:1      | Learned a level 3 spell: Frozen Ramparts
  1325 | D:1      | Found a faded altar of an unknown god.
  1558 | D:2      | Noticed Robin
  1598 | D:2      | You fall into a shaft and drop 1 floor!
  2274 | D:2      | Reached XP level 4. HP: 29/30 MP: 2/7
  2284 | D:2      | Killed Robin
  2947 | D:3      | Reached XP level 5. HP: 20/35 MP: 4/8
  3255 | D:3      | Learned a level 3 spell: Ozocubu's Armour
  3842 | D:4      | Reached skill level 1 in Long Blades
  3842 | D:4      | Reached XP level 6. HP: 30/41 MP: 1/10
  3935 | D:4      | Reached skill level 2 in Long Blades
  4650 | D:4      | Noticed Pikel
  4844 | D:4      | Killed Pikel
  4845 | D:4      | Reached XP level 7. HP: 28/46 MP: 4/16
  4845 | D:4      | Reached XP level 8. HP: 32/52 MP: 4/17
  5012 | D:4      | Found an iron altar of Okawaru.
  5632 | D:5      | Entered Level 5 of the Dungeon
  6000 | D:5      | Got the Essays on Bewitchment and Variation
  6310 | D:5      | Found a sacrificial altar of Ru.
  6455 | D:5      | Reached skill level 3 in Long Blades
  6772 | D:5      | Found a staircase to the Ecumenical Temple.
  6794 | Temple   | Entered the Ecumenical Temple
  6998 | D:5      | Reached skill level 1 in Fighting
  7157 | D:5      | Reached skill level 4 in Long Blades
  7927 | D:6      | Reached skill level 5 in Long Blades
  7927 | D:6      | Reached XP level 9. HP: 53/62 MP: 15/21
  8116 | D:6      | Reached skill level 6 in Long Blades
  8178 | D:6      | Found a basalt altar of Yredelemnul.
  8473 | D:6      | Found Urataoha's Assorted Antiques.
  8481 | D:6      | Bought a scimitar for 116 gold pieces
  8481 | D:6      | Bought a pair of glowing gloves for 217 gold pieces
  8609 | D:6      | Found a broken altar of Ashenzari.
  8615 | D:6      | Found a hazy altar of Hepliaklqana.
  8883 | D:7      | Reached skill level 7 in Long Blades
  8895 | D:7      | Reached skill level 8 in Long Blades
  9022 | D:7      | Found an ornate altar of the Wu Jian Council.
  9081 | D:7      | Noticed Prince Ribbit
  9120 | D:7      | Killed Prince Ribbit
  9121 | D:7      | Reached skill level 5 in Fighting
  9426 | D:7      | Reached skill level 9 in Long Blades
  9815 | D:8      | Reached XP level 10. HP: 75/76 MP: 22/22
 10394 | D:9      | Reached skill level 10 in Long Blades
 10653 | D:9      | Found a radiant altar of Vehumet.
 11217 | D:10     | Entered Level 10 of the Dungeon
 11217 | D:10     | Found Ylat's Armour Boutique.
 11388 | D:10     | Killed an unseen horror
 11651 | D:10     | Found a staircase to the Orcish Mines.
 12155 | D:10     | Found a glowing golden altar of the Shining One.
 12162 | D:10     | Became a worshipper of the Shining One
 12690 | D:10     | Reached * piety under the Shining One
 12721 | D:10     | Reached skill level 10 in Fighting
 13476 | D:11     | Noticed a frost giant
 13476 | D:11     | Noticed an orc warlord
 13487 | D:11     | HP: 4/85 [frost giant/+2 battleaxe of freezing (16)]
 13581 | D:11     | Noticed a gargoyle
 13588 | D:11     | Killed a gargoyle
 13589 | D:11     | Reached skill level 11 in Long Blades
 13589 | D:11     | Reached XP level 11. HP: 90/90 MP: 16/23
 13603 | D:11     | Reached ** piety under the Shining One
 13627 | D:11     | Noticed a four-headed hydra
 13629 | D:11     | Noticed a seven-headed hydra
 13646 | D:11     | Noticed a centaur warrior
 13689 | D:11     | Noticed Josephine
 13858 | D:8      | Found a staircase to the Lair.
 13922 | D:8      | Found Gusmet's Firing Range.
 14255 | Lair:1   | Entered Level 1 of the Lair of Beasts
 14304 | Lair:1   | Found a runed translucent gate.
 14304 | Lair:1   | Found a runed translucent gate.
 14304 | Lair:1   | Found a runed translucent gate.
 14306 | Lair:1   | Noticed Ateoteh's ghost (journeyman OgCK)
 14306 | Lair:1   | Noticed Ateoteh's ghost (journeyman OgCK)
 14307 | Lair:1   | Noticed Cung's ghost (novice GrBe)
 14307 | Lair:1   | Noticed Ateoteh's ghost (journeyman OgCK)
 14352 | Lair:1   | Reached skill level 5 in Dodging
 14448 | Lair:1   | Reached skill level 12 in Long Blades
 14625 | Lair:1   | Noticed a four-headed hydra
 14636 | Lair:1   | Mangled by an 11-headed hydra

Illustrated notes

Levels and vault maps discovered:
D:1:      lightli_molten_gateway, layout_loops_ring, basic_ecumenical_altar
D:2:      layout_loops_ring, chequers_garden, uniq_robin
D:3:      layout_basic
D:4:      layout_loops_ring, kennysheep_okawaru_gauntlet,
          kennysheep_generic_room_15, uniq_pikel
D:5:      layout_rooms, mainiacjoe_overflow_24_doors, minmay_temple_entry_mist,
          minmay_fractal_squares_5
D:6:      layout_rooms, mainiacjoe_overflow_boulevard, nicolae_overflow_squiral,
          serial_shops, shop_fountains, serial_demonic, serial_demonic_b,
          serial_demonic_d, serial_demonic_g, serial_demonic_f
D:7:      layout_cave_pools, nicolae_wu_jian_wuxing_cycle, uniq_prince_ribbit1
D:8:      layout_basic, lair_entry_dummy, minmay_misc_feat_ornament,
          nicolae_shop_firing_range
D:9:      layout_loops_corners, mainiacjoe_overflow_catwalk, the_hattery
D:10:     layout_big_octagon, tso_altar, zombieorc2_lemuel, serial_shops,
          nicolae_shop_hallway_stairs, blue_anna_alchemist
D:11:     minmay_glassy_protrusions, layout_loops_ring, uniq_josephine
Temple:   compressed_dpeg_circular_temple
Lair:1:   layout_roguey, gammafunk_ghost_cemetery, serial_bayou_shore_a

Skill      XL: |  1  2  3  4  5  6  7  8  9 10 11 |
---------------+----------------------------------+-----
Ice Magic      | 5 6 7 |  7.0
Long Blades    | 1 2 5 9 11 12 | 12.4
Spellcasting   | 3 6 8 |  8.0
Fighting       | 2 5 10 | 10.1
Dodging        | 3 5 |  5.8
Stealth        | |  2.1

Action                   |  1- 3 |  4- 6 |  7- 9 | 10-12 || total
-------------------------+-------+-------+-------+-------++-------
Melee: Trident           |    20 |       |       |       ||    20
       Unarmed           |     3 |       |       |       ||     3
       Dagger            |     1 |    10 |       |       ||    11
       Long sword        |       |    67 |   128 |       ||   195
       Falchion          |       |     1 |       |       ||     1
       Scimitar          |       |       |    41 |   266 ||   307
       Punch             |       |       |     1 |     6 ||     7
Throw: Dart              |       |       |       |     1 ||     1
 Cast: Freeze            |    70 |     2 |       |     2 ||    74
       Frozen Ramparts   |     1 |    23 |    43 |    28 ||    95
       Ozocubu's Armour  |       |     3 |    15 |    28 ||    46
Evoke: Wand              |       |       |       |     1 ||     1
  Use: Potion            |     1 |       |     4 |     1 ||     6
       Scroll            |       |       |       |    20 ||    20
 Stab: Sleeping          |     5 |       |     2 |     1 ||     8
Armor: Robe              |    19 |    31 |    50 |    55 ||   155
       Troll leather arm |       |       |       |    52 ||    52
Dodge: Dodged            |    44 |    75 |   134 |   180 ||   433

Table legend: (Time is in decaauts)
 A = Elapsed time spent in this place.
 B = Non-inter-level travel time spent in this place.
 C = Inter-level travel time spent in this place.
 D = Time resting spent in this place.
 E = Time spent auto-exploring this place.
 F = Levels seen in this place.
 G = Mean time per level.
                   A        B        C        D        E       F      G
               +--------+--------+--------+--------+--------+-----+--------+
         Total |  14665 |  14141 |    524 |   3386 |   7861 |  13 | 1128.1 |
       Dungeon |  14200 |  13678 |    522 |   3386 |   7494 |  11 | 1290.9 |
        Temple |     90 |     88 |      2 |      0 |     62 |   1 |   90.0 |
          Lair |    374 |    374 |      0 |      0 |    305 |   1 |  374.0 |
               +--------+--------+--------+--------+--------+-----+--------+

Top non-repeatable levels by time:
    D:10: 2083 daAuts
     D:5: 1930 daAuts
     D:4: 1833 daAuts
     D:1: 1569 daAuts
     D:3: 1334 daAuts
     D:6: 1144 daAuts
     D:2: 1124 daAuts
     D:9: 1091 daAuts
     D:8: 953 daAuts
     D:7: 600 daAuts
    D:11: 533 daAuts
  Lair:1: 374 daAuts
  Temple: 90 daAuts
